Gangsters vs Scraper
Created - 24 mars 2014 at 19:04
Goals
|
| Gangsters |
2 |
0 |
1 |
3 |
| Scraper |
3 |
1 |
1 |
5 |
|
Shots
|
| Gangsters |
15 |
3 |
10 |
28 |
| Scraper |
11 |
9 |
13 |
33 |
|
1st period
1. Gangsters , Chris Bourque 37 (Ville Koistinen, Maxime Sauvé) at 1:53
2. Scraper , Logan Couture 23 (Mike Knuble) at 9:40
3. Gangsters , Ryan Keller 37 (Chris Bourque, Ville Koistinen) at 11:34 (PP)
4. Scraper , Valeri Bure 12 (Riley Armstrong, Aaron Ward) at 13:53
5. Scraper , Petr Sykora 31 (Martin Hanzal, Karl Alzner) at 14:44 (PP)
Penalties :
Riley Armstrong (Out) for Hooking (Minor) at 9:49, Alexandre Bolduc (Bro) for Hooking (Minor) at 13:56
2nd period
6. Scraper , Alexander Radulov 38 (Roman Cervenka, Jamie Benn) at 3:41
Penalties :
Chris Bourque (Bro) for Holding (Minor) at 1:07, Derek Joslin (Out) for Holding (Minor) at 15:08
3rd period
7. Gangsters , Chris Bourque 38 (Alexandre Bolduc, Ryan Keller) at 1:05 (PP)
8. Scraper , Ben Eager 8 (Valeri Bure, Riley Armstrong) at 19:25 (Empty Net)
Penalties :
Karl Alzner (Out) for Holding (Minor) at 0:50, Ryan Keller (Bro) for Holding (Minor) at 2:36, Ryan Jones (Bro) for Tripping (Minor) at 6:52, Aaron Voros (Out) for Tripping (Minor) at 14:37
Goalie Stats
David LeNeveu (Bro), 10 saves from 14 shots - (0,714), L, 21-24-3, 23:41 minutes
Dustin Tokarski (Bro), 18 saves from 18 shots - (1,000), 35:55 minutes
Maxime Ouellet (Out), 25 saves from 28 shots - (0,893), W, 3-0-0, 60:00 minutes
Players Stats for Gangsters
Player Name G A P +/- PIM S H SB GA TA FO MP PP MP PK MP
------------------------------------------------------------------------------------
Alexandre Bolduc 0 1 1 -1 2 1 0 0 0 0 16/30 20:48 3:16 2:17
Artem Anisimov 0 0 0 -1 0 1 1 0 1 0 6/13 17:25 2:23 0:00
Ben Holmstrom 0 0 0 0 0 0 0 0 0 0 0/0 0:07 0:00 0:00
Bradley Malone 0 0 0 0 0 0 0 0 0 0 0/0 1:14 0:00 0:00
Brock Bradford 0 0 0 0 0 1 1 0 0 0 0/0 13:11 0:25 0:25
Bryan Young 0 0 0 -1 0 1 1 0 0 0 0/0 22:24 2:11 2:53
Chris Bourque 2 1 3 -2 2 5 0 0 1 2 1/3 24:54 3:29 2:41
Colten Teubert 0 0 0 -2 0 0 0 1 0 1 0/0 13:36 0:39 0:34
Cory Murphy 0 0 0 -3 0 2 1 2 0 2 0/0 28:04 3:14 3:52
Dave Dziurzynski 0 0 0 0 0 0 0 1 0 0 0/1 13:16 0:00 2:14
Luke Gazdic 0 0 0 -1 0 0 1 0 0 0 0/0 11:09 0:00 1:05
Maxime Sauvé 0 1 1 -1 0 0 0 0 0 0 2/6 11:16 0:06 0:00
Nathan Moon 0 0 0 0 0 0 0 0 0 0 0/0 0:00 0:00 0:00
Nick Foligno 0 0 0 -1 0 3 1 0 0 0 0/0 19:36 2:23 2:19
Phil McRae 0 0 0 0 0 0 0 0 0 0 0/0 0:08 0:00 0:00
Ryan Jones 0 0 0 -1 2 2 2 0 1 0 0/0 17:38 2:23 0:00
Ryan Keller 1 1 2 -1 2 8 3 2 1 0 3/7 25:56 3:29 2:29
Shaun Heska 0 0 0 0 0 2 1 4 0 0 0/0 24:52 2:11 2:50
Ville Koistinen 0 2 2 0 0 2 1 1 0 1 0/0 27:37 3:41 3:21
Players Stats for Scraper
Player Name G A P +/- PIM S H SB GA TA FO MP PP MP PK MP
------------------------------------------------------------------------------------
Aaron Voros 0 0 0 0 2 0 1 0 0 0 0/0 16:01 3:03 0:31
Aaron Ward 0 1 1 2 0 0 0 1 0 2 0/0 24:58 3:45 3:37
Alexander Radulov 1 0 1 1 0 3 1 0 1 1 0/0 9:32 0:07 1:28
Ben Eager 1 0 1 1 0 2 3 0 0 0 0/0 20:21 3:30 0:21
Derek Joslin 0 0 0 1 2 0 0 0 0 0 0/0 10:18 0:00 0:00
Eric Gryba 0 0 0 0 0 0 0 0 0 0 0/0 6:05 0:00 0:00
Ilkka Heikkinen 0 0 0 1 0 0 0 0 0 0 0/0 10:04 0:00 0:00
Jamie Benn 0 1 1 1 0 0 0 0 0 0 0/0 10:43 0:18 0:00
Jerome Samson 0 0 0 0 0 0 0 0 0 0 0/0 0:00 0:00 0:00
Joe Finley 0 0 0 0 0 0 0 0 0 0 0/0 0:00 0:00 0:00
Karl Alzner 0 1 1 0 2 2 0 1 0 0 0/0 18:52 3:00 2:21
Logan Couture 1 0 1 1 0 3 1 0 1 0 3/4 11:09 0:23 0:00
Martin Hanzal 0 1 1 0 0 7 2 1 1 0 8/14 15:31 3:03 0:00
Matt Martin 0 0 0 1 0 1 5 0 0 0 0/0 8:32 0:00 0:52
Michael Del Zotto 0 0 0 0 0 0 0 0 0 0 0/0 6:05 0:00 0:00
Mike Knuble 0 1 1 1 0 0 1 0 0 0 0/0 12:05 0:00 1:28
Paul Ranger 0 0 0 2 0 1 0 1 0 0 0/0 24:58 3:45 3:37
Pernell Karl Subban 0 0 0 0 0 2 3 2 0 0 0/0 18:53 3:00 2:21
Petr Sykora 1 0 1 0 0 4 2 1 0 0 0/0 18:48 3:03 3:38
Riley Armstrong 0 2 2 1 2 3 1 0 0 0 16/30 19:52 3:24 0:00
Roman Cervenka 0 1 1 1 0 1 0 0 0 0 0/2 7:40 0:00 0:00
Valeri Bure 1 1 2 1 0 4 0 0 3 1 5/10 23:31 3:24 3:38
3 Stars
1 - Valeri Bure (Out)
2 - Ben Eager (Out)
3 - Chris Bourque (Bro)
Power Play
Gangsters - 2 on 4 Attempt(s) - 50,00%
Scraper - 1 on 4 Attempt(s) - 25,00%
Penalty Kill
Gangsters - 3 on 4 Attempt(s) - 75,00%
- Score 0 goal in Penalty Kill
Scraper - 2 on 4 Attempt(s) - 50,00%
- Score 0 goal in Penalty Kill
Official
Referees : Devorski Paul and McCauley Wes
Linesman : David Brisebois and Steve Miller
Game Notes
Dustin Tokarski enters game at 3:41 of 2nd period
Ben Eager has scored in a empty net!
Finance
Level 1 -- Attendance: 1686 (84,30%) -- Ticket Income 67 440 $
Level 2 -- Attendance: 754 (75,40%) -- Ticket Income 15 080 $
Total Attendance: 2440 (81,33%)
Total Ticket Income: 82 520 $
Other Income: 4 126 $
Total Income: 86 646 $
Gangsters
5 vs 5 Forward
Center Left Wing Right Wing Time % Phy DF OF
1 Alexandre Bolduc Chris Bourque Ryan Keller 40 1 2 2
2 Artem Anisimov Nick Foligno Ryan Jones 30 1 2 2
3 Brock Bradford Dave Dziurzynski Ryan Keller 20 1 2 2
4 Maxime Sauvé Luke Gazdic Chris Bourque 10 1 2 2
5 vs 5 Defense
Defense Defense Time % Phy DF OF
1 Cory Murphy Ville Koistinen 40 1 2 2
2 Shaun Heska Bryan Young 30 1 2 2
3 Colten Teubert Cory Murphy 20 1 2 2
4 Ville Koistinen Shaun Heska 10 1 2 2
PowerPlay Forward
Center Left Wing Right Wing Time % Phy DF OF
1 Alexandre Bolduc Chris Bourque Ryan Keller 60 1 2 2
2 Artem Anisimov Nick Foligno Ryan Jones 40 1 2 2
PowerPlay Defense
Defense Defense Time % Phy DF OF
1 Cory Murphy Ville Koistinen 60 1 2 2
2 Shaun Heska Bryan Young 40 1 2 2
Penalty Kill 4 Players Forward
Center Wing Time % Phy DF OF
1 Ryan Keller Chris Bourque 60 1 2 2
2 Nick Foligno Ryan Jones 40 1 2 2
Penalty Kill 4 Players Defense
Defense Defense Time % Phy DF OF
1 Cory Murphy Ville Koistinen 60 1 2 2
2 Shaun Heska Bryan Young 40 1 2 2
Penalty Kill - 3 Players Forward
Forward Time % Phy DF OF
1 Ryan Keller 60 1 2 2
2 Chris Bourque 40 1 2 2
Penalty Kill - 3 Players Defense
Defense Defense Time % Phy DF OF
1 Cory Murphy Ville Koistinen 60 1 2 2
2 Shaun Heska Bryan Young 40 1 2 2
4 vs 4 Forward
Center Wing Time % Phy DF OF
1 Ryan Keller Chris Bourque 60 1 2 2
2 Nick Foligno Ryan Jones 40 1 2 2
4 vs 4 Defense
Defense Defense Time % Phy DF OF
1 Cory Murphy Ville Koistinen 60 1 2 2
2 Shaun Heska Bryan Young 40 1 2 2
Last Minutes Offensive
Center Left Wing Right Wing Defense Defense
Alexandre Bolduc Chris Bourque Ryan Keller Cory Murphy Ville Koistinen
Last Minutes Defensive
Center Left Wing Right Wing Defense Defense
Alexandre Bolduc Chris Bourque Ryan Keller Cory Murphy Ville Koistinen
Goaltenders
Starting : David LeNeveu
Backup : Dustin Tokarski
Extra Forwards
Normal : Brock Bradford, Maxime Sauvé, Dave Dziurzynski - PP : Brock Bradford, Maxime Sauvé - PK : Dave Dziurzynski
Extra Defensemen
Normal : Colten Teubert, Bryan Young, Cory Murphy - PP : Colten Teubert - PK : Bryan Young, Cory Murphy
Penalty Shots
Ryan Keller, Chris Bourque, Nick Foligno, Ryan Jones, Alexandre Bolduc
Scraper
5 vs 5 Forward
Center Left Wing Right Wing Time % Phy DF OF
1 Riley Armstrong Ben Eager Valeri Bure 40 1 2 2
2 Martin Hanzal Aaron Voros Petr Sykora 30 1 2 2
3 Logan Couture Jamie Benn Mike Knuble 20 1 2 2
4 Roman Cervenka Matt Martin Alexander Radulov 10 1 2 2
5 vs 5 Defense
Defense Defense Time % Phy DF OF
1 Aaron Ward Paul Ranger 40 1 2 2
2 Pernell Karl Subban Karl Alzner 30 1 2 2
3 Derek Joslin Ilkka Heikkinen 20 1 2 2
4 Eric Gryba Michael Del Zotto 10 1 2 2
PowerPlay Forward
Center Left Wing Right Wing Time % Phy DF OF
1 Riley Armstrong Ben Eager Valeri Bure 60 1 2 2
2 Martin Hanzal Aaron Voros Petr Sykora 40 1 2 2
PowerPlay Defense
Defense Defense Time % Phy DF OF
1 Aaron Ward Paul Ranger 60 1 2 2
2 Pernell Karl Subban Karl Alzner 40 1 2 2
Penalty Kill 4 Players Forward
Center Wing Time % Phy DF OF
1 Valeri Bure Petr Sykora 60 1 2 2
2 Mike Knuble Alexander Radulov 40 1 2 2
Penalty Kill 4 Players Defense
Defense Defense Time % Phy DF OF
1 Aaron Ward Paul Ranger 60 1 2 2
2 Pernell Karl Subban Karl Alzner 40 1 2 2
Penalty Kill - 3 Players Forward
Forward Time % Phy DF OF
1 Valeri Bure 60 1 2 2
2 Petr Sykora 40 1 2 2
Penalty Kill - 3 Players Defense
Defense Defense Time % Phy DF OF
1 Aaron Ward Paul Ranger 60 1 2 2
2 Pernell Karl Subban Karl Alzner 40 1 2 2
4 vs 4 Forward
Center Wing Time % Phy DF OF
1 Valeri Bure Petr Sykora 60 1 2 2
2 Mike Knuble Alexander Radulov 40 1 2 2
4 vs 4 Defense
Defense Defense Time % Phy DF OF
1 Aaron Ward Paul Ranger 60 1 2 2
2 Pernell Karl Subban Karl Alzner 40 1 2 2
Last Minutes Offensive
Center Left Wing Right Wing Defense Defense
Riley Armstrong Ben Eager Valeri Bure Aaron Ward Paul Ranger
Last Minutes Defensive
Center Left Wing Right Wing Defense Defense
Riley Armstrong Ben Eager Valeri Bure Aaron Ward Paul Ranger
Goaltenders
Starting : Maxime Ouellet
Backup : Peter Mannino
Extra Forwards
Normal : Logan Couture, Jamie Benn, Matt Martin - PP : Logan Couture, Jamie Benn - PK : Matt Martin
Extra Defensemen
Normal : Derek Joslin, Ilkka Heikkinen, Eric Gryba - PP : Derek Joslin - PK : Ilkka Heikkinen, Eric Gryba
Penalty Shots
Valeri Bure, Petr Sykora, Mike Knuble, Alexander Radulov, Riley Armstrong
% Time on Ice - Gangsters
Lines # - Real PCT - Wanted PCT - Time Play
Normal Forward
1 - 27% - 40% - 12:44
2 - 33% - 30% - 15:30
3 - 20% - 20% - 9:26
4 - 19% - 10% - 9:01
Normal Defense
1 - 34% - 40% - 15:47
2 - 32% - 30% - 14:58
3 - 24% - 20% - 11:26
4 - 10% - 10% - 4:30
PP Forward
1 - 60% - 60% - 3:35
2 - 40% - 40% - 2:23
PP Defense
1 - 63% - 60% - 3:47
2 - 37% - 40% - 2:11
PK Forward
1 - 88% - 60% - 5:55
2 - 12% - 40% - 0:50
PK Defense
1 - 58% - 60% - 3:55
2 - 42% - 40% - 2:50
PK3 Forward
1 - 0% - 60%
2 - 0% - 40%
PK3 Defense
1 - 0% - 60%
2 - 0% - 40%
44 Forward
1 - 0% - 60%
2 - 0% - 40%
44 Defense
1 - 0% - 60%
2 - 0% - 40%
Last Minute Offensive - 0:36
Last Minute Defensive - 0:00
Total
Forward - 60:00
Defense - 60:00
|
% Time on Ice - Scraper
Lines # - Real PCT - Wanted PCT - Time Play
Normal Forward
1 - 34% - 40% - 15:57
2 - 27% - 30% - 12:43
3 - 22% - 20% - 10:22
4 - 16% - 10% - 7:40
Normal Defense
1 - 36% - 40% - 17:01
2 - 29% - 30% - 13:32
3 - 22% - 20% - 10:04
4 - 13% - 10% - 6:05
PP Forward
1 - 55% - 60% - 3:42
2 - 45% - 40% - 3:03
PP Defense
1 - 56% - 60% - 3:45
2 - 44% - 40% - 3:00
PK Forward
1 - 75% - 60% - 4:30
2 - 25% - 40% - 1:28
PK Defense
1 - 61% - 60% - 3:37
2 - 39% - 40% - 2:21
PK3 Forward
1 - 0% - 60%
2 - 0% - 40%
PK3 Defense
1 - 0% - 60%
2 - 0% - 40%
44 Forward
1 - 0% - 60%
2 - 0% - 40%
44 Defense
1 - 0% - 60%
2 - 0% - 40%
Last Minute Offensive - 0:00
Last Minute Defensive - 0:35
Total
Forward - 60:00
Defense - 60:00
|
Play by Play
1st period
0:01 of 1st period - Alexandre Bolduc wins face-off versus Riley Armstrong in neutral zone.
0:14 of 1st period - Ryan Keller is hit by Ben Eager and loses puck.
0:27 of 1st period - Aaron Ward is hit by Cory Murphy and loses puck.
0:40 of 1st period - Bryan Young is hit by Petr Sykora.
0:51 of 1st period - Off-side.
0:52 of 1st period - Ryan Keller wins face-off versus Logan Couture in neutral zone.
1:30 of 1st period - Slapshot by Ryan Keller.
1:30 of 1st period - Stopped by Maxime Ouellet without a rebound.
1:31 of 1st period - Riley Armstrong wins face-off versus Maxime Sauvé in Scraper zone.
1:31 of 1st period - Riley Armstrong is hit by Ville Koistinen.
1:37 of 1st period - Snap shot by Valeri Bure.
1:37 of 1st period - Deflect By Ben Eager.
1:37 of 1st period - Shot Blocked by Shaun Heska.
1:37 of 1st period - Puck is out of play.
1:38 of 1st period - Maxime Sauvé wins face-off versus Riley Armstrong in Gangsters zone.
1:53 of 1st period - Wrist shot by Chris Bourque.
1:53 of 1st period - Goal by Chris Bourque - Gangsters : 1 - Scraper : 0.
1:54 of 1st period - Alexandre Bolduc wins face-off versus Roman Cervenka in neutral zone.
2:01 of 1st period - Wrist shot by Ryan Keller.
2:01 of 1st period - Shot Misses the Net.
2:03 of 1st period - Slapshot by Ville Koistinen.
2:03 of 1st period - Stopped by Maxime Ouellet with a rebound.
2:05 of 1st period - Slapshot by Cory Murphy.
2:05 of 1st period - Stopped by Maxime Ouellet with a rebound.
2:07 of 1st period - Wrist shot by Ryan Keller.
2:07 of 1st period - Stopped by Maxime Ouellet without a rebound.
2:08 of 1st period - Martin Hanzal wins face-off versus Artem Anisimov in Scraper zone.
2:40 of 1st period - Slapshot by Ryan Keller.
2:40 of 1st period - Shot Blocked by Petr Sykora.
2:52 of 1st period - Wrist shot by Valeri Bure.
2:52 of 1st period - Stopped by David LeNeveu with a rebound.
4:20 of 1st period - Cory Murphy is hit by Matt Martin and loses puck.
5:05 of 1st period - Snap shot by Valeri Bure.
5:05 of 1st period - Stopped by David LeNeveu without a rebound.
5:06 of 1st period - Martin Hanzal wins face-off versus Artem Anisimov in Gangsters zone.
6:54 of 1st period - Nick Foligno is hit by Aaron Voros and loses puck.
7:29 of 1st period - Ville Koistinen is hit by Ben Eager and loses puck.
8:30 of 1st period - Artem Anisimov is hit by Riley Armstrong and loses puck.
8:35 of 1st period - Wrist shot by Valeri Bure.
8:35 of 1st period - Stopped by David LeNeveu without a rebound.
8:36 of 1st period - Maxime Sauvé wins face-off versus Riley Armstrong in Gangsters zone.
9:10 of 1st period - Snap shot by Petr Sykora.
9:10 of 1st period - Shot Blocked by Ville Koistinen.
9:40 of 1st period - Snap shot by Logan Couture.
9:40 of 1st period - Goal by Logan Couture - Gangsters : 1 - Scraper : 1.
9:41 of 1st period - Alexandre Bolduc wins face-off versus Riley Armstrong in neutral zone.
9:46 of 1st period - Snap shot by Ryan Keller.
9:46 of 1st period - Stopped by Maxime Ouellet without a rebound.
9:47 of 1st period - Riley Armstrong wins face-off versus Ryan Keller in Scraper zone.
9:49 of 1st period - Minor Penalty to Riley Armstrong for Hooking.
9:50 of 1st period - Alexandre Bolduc wins face-off versus Valeri Bure in Scraper zone.
10:04 of 1st period - Slapshot by Chris Bourque.
10:04 of 1st period - Shot Misses the Net.
10:06 of 1st period - Wrist shot by Chris Bourque.
10:06 of 1st period - Shot Misses the Net.
10:20 of 1st period - Slapshot by Nick Foligno.
10:20 of 1st period - Deflect By Artem Anisimov.
10:20 of 1st period - Stopped by Maxime Ouellet without a rebound.
10:21 of 1st period - Alexandre Bolduc wins face-off versus Valeri Bure in Scraper zone.
10:22 of 1st period - Snap shot by Chris Bourque.
10:22 of 1st period - Shot Blocked by Karl Alzner.
10:24 of 1st period - Snap shot by Ryan Keller.
10:24 of 1st period - Stopped by Maxime Ouellet with a rebound.
10:26 of 1st period - Slapshot by Shaun Heska.
10:26 of 1st period - Shot Blocked by Pernell Karl Subban.
10:28 of 1st period - Slapshot by Bryan Young.
10:28 of 1st period - Shot Blocked by Pernell Karl Subban.
10:30 of 1st period - Slapshot by Bryan Young.
10:30 of 1st period - Stopped by Maxime Ouellet with a rebound.
10:58 of 1st period - Snap shot by Artem Anisimov.
10:58 of 1st period - Deflect By Nick Foligno.
10:58 of 1st period - Stopped by Maxime Ouellet without a rebound.
10:59 of 1st period - Valeri Bure wins face-off versus Alexandre Bolduc in Scraper zone.
11:14 of 1st period - Slapshot by Ryan Jones.
11:14 of 1st period - Stopped by Maxime Ouellet with a rebound.
11:16 of 1st period - Slapshot by Artem Anisimov.
11:16 of 1st period - Shot Blocked by Paul Ranger.
11:18 of 1st period - Wrist shot by Nick Foligno.
11:18 of 1st period - Shot Misses the Net.
11:20 of 1st period - Slapshot by Ville Koistinen.
11:20 of 1st period - Stopped by Maxime Ouellet without a rebound.
11:21 of 1st period - Valeri Bure wins face-off versus Alexandre Bolduc in Scraper zone.
11:34 of 1st period - Snap shot by Ryan Keller.
11:34 of 1st period - Goal by Ryan Keller - Gangsters : 2 - Scraper : 1.
11:35 of 1st period - Alexandre Bolduc wins face-off versus Riley Armstrong in neutral zone.
11:44 of 1st period - Slapshot by Paul Ranger.
11:44 of 1st period - Deflect By Riley Armstrong.
11:44 of 1st period - Shot Misses the Net.
11:44 of 1st period - Puck is out of play.
11:45 of 1st period - Riley Armstrong wins face-off versus Alexandre Bolduc in Gangsters zone.
11:53 of 1st period - Off-side.
11:54 of 1st period - Riley Armstrong wins face-off versus Alexandre Bolduc in neutral zone.
12:03 of 1st period - Snap shot by Ben Eager.
12:03 of 1st period - Stopped by David LeNeveu with a rebound.
12:19 of 1st period - Paul Ranger is hit by Ryan Jones and loses puck.
12:58 of 1st period - Snap shot by Chris Bourque.
12:58 of 1st period - Shot Misses the Net.
13:00 of 1st period - Backhand shot by Shaun Heska.
13:00 of 1st period - Stopped by Maxime Ouellet without a rebound.
13:01 of 1st period - Artem Anisimov wins face-off versus Riley Armstrong in Scraper zone.
13:14 of 1st period - Wrist shot by Nick Foligno.
13:14 of 1st period - Shot Misses the Net.
13:53 of 1st period - Slapshot by Valeri Bure.
13:53 of 1st period - Goal by Valeri Bure - Gangsters : 2 - Scraper : 2.
13:54 of 1st period - Alexandre Bolduc wins face-off versus Martin Hanzal in neutral zone.
13:56 of 1st period - Minor Penalty to Alexandre Bolduc for Hooking.
13:57 of 1st period - Ryan Keller wins face-off versus Riley Armstrong in Gangsters zone.
13:57 of 1st period - Ryan Keller is hit by Ben Eager.
14:22 of 1st period - Slapshot by Martin Hanzal.
14:22 of 1st period - Shot Misses the Net.
14:28 of 1st period - Wrist shot by Petr Sykora.
14:28 of 1st period - Stopped by David LeNeveu without a rebound.
14:29 of 1st period - Martin Hanzal wins face-off versus Ryan Keller in Gangsters zone.
14:36 of 1st period - Snap shot by Petr Sykora.
14:36 of 1st period - Shot Misses the Net.
14:38 of 1st period - Slapshot by Karl Alzner.
14:38 of 1st period - Shot Blocked by Shaun Heska.
14:40 of 1st period - Snap shot by Petr Sykora.
14:40 of 1st period - Shot Misses the Net.
14:42 of 1st period - Slapshot by Karl Alzner.
14:42 of 1st period - Stopped by David LeNeveu with a rebound.
14:44 of 1st period - Wrist shot by Martin Hanzal.
14:44 of 1st period - Deflect By Petr Sykora.
14:44 of 1st period - Goal by Petr Sykora - Gangsters : 2 - Scraper : 3.
14:45 of 1st period - Riley Armstrong wins face-off versus Alexandre Bolduc in neutral zone.
15:12 of 1st period - Snap shot by Ryan Jones.
15:12 of 1st period - Stopped by Maxime Ouellet without a rebound.
15:13 of 1st period - Martin Hanzal wins face-off versus Artem Anisimov in Scraper zone.
15:38 of 1st period - Artem Anisimov is hit by Matt Martin.
16:57 of 1st period - Snap shot by Alexander Radulov.
16:57 of 1st period - Shot Misses the Net.
16:59 of 1st period - Snap shot by Karl Alzner.
16:59 of 1st period - Stopped by David LeNeveu with a rebound.
17:01 of 1st period - Slapshot by Pernell Karl Subban.
17:01 of 1st period - Shot Misses the Net.
17:03 of 1st period - Snap shot by Pernell Karl Subban.
17:03 of 1st period - Shot Misses the Net.
17:12 of 1st period - Icing by Cory Murphy.
17:13 of 1st period - Riley Armstrong wins face-off versus Maxime Sauvé in Gangsters zone.
18:06 of 1st period - Snap shot by Petr Sykora.
18:06 of 1st period - Shot Hit the Post.
18:44 of 1st period - Slapshot by Pernell Karl Subban.
18:44 of 1st period - Stopped by David LeNeveu with a rebound.
19:26 of 1st period - Snap shot by Ben Eager.
19:26 of 1st period - Shot Misses the Net.
19:39 of 1st period - Off-side.
19:40 of 1st period - Artem Anisimov wins face-off versus Roman Cervenka in neutral zone.
Goals for this period are 2 for Gangsters vs 3 for Scraper.
Shots for this period are 15 for Gangsters vs 11 for Scraper.
2nd period
0:01 of 2nd period - Riley Armstrong wins face-off versus Alexandre Bolduc in neutral zone.
0:04 of 2nd period - Snap shot by Valeri Bure.
0:04 of 2nd period - Shot Misses the Net.
0:16 of 2nd period - Snap shot by Alexandre Bolduc.
0:16 of 2nd period - Stopped by Maxime Ouellet with a rebound.
1:07 of 2nd period - Minor Penalty to Chris Bourque for Holding.
1:08 of 2nd period - Riley Armstrong wins face-off versus Ryan Keller in Gangsters zone.
1:41 of 2nd period - Wrist shot by Martin Hanzal.
1:41 of 2nd period - Stopped by David LeNeveu with a rebound.
1:43 of 2nd period - Wrist shot by Petr Sykora.
1:43 of 2nd period - Shot Misses the Net.
3:07 of 2nd period - Penalty to Chris Bourque is over, Chris Bourque is back on ice.
3:33 of 2nd period - Backhand shot by Alexander Radulov.
3:33 of 2nd period - Shot Blocked by Colten Teubert.
3:39 of 2nd period - Wrist shot by Alexander Radulov.
3:39 of 2nd period - Stopped by David LeNeveu with a rebound.
3:41 of 2nd period - Snap shot by Alexander Radulov.
3:41 of 2nd period - Goal by Alexander Radulov - Gangsters : 2 - Scraper : 4.
3:41 of 2nd period - Dustin Tokarski enters game.
3:42 of 2nd period - Logan Couture wins face-off versus Alexandre Bolduc in neutral zone.
5:14 of 2nd period - Snap shot by Logan Couture.
5:14 of 2nd period - Stopped by Dustin Tokarski without a rebound.
5:15 of 2nd period - Alexandre Bolduc wins face-off versus Martin Hanzal in Gangsters zone.
5:15 of 2nd period - Alexandre Bolduc is hit by Martin Hanzal.
5:22 of 2nd period - Off-side.
5:23 of 2nd period - Alexandre Bolduc wins face-off versus Martin Hanzal in neutral zone.
5:56 of 2nd period - Wrist shot by Riley Armstrong.
5:56 of 2nd period - Shot Blocked by Ryan Keller.
5:58 of 2nd period - Slapshot by Riley Armstrong.
5:58 of 2nd period - Stopped by Dustin Tokarski without a rebound.
5:59 of 2nd period - Artem Anisimov wins face-off versus Martin Hanzal in Gangsters zone.
6:13 of 2nd period - Wrist shot by Petr Sykora.
6:13 of 2nd period - Shot Misses the Net.
6:42 of 2nd period - Wrist shot by Ryan Keller.
6:42 of 2nd period - Stopped by Maxime Ouellet without a rebound.
6:43 of 2nd period - Logan Couture wins face-off versus Ryan Keller in Scraper zone.
6:43 of 2nd period - Logan Couture is hit by Brock Bradford.
7:05 of 2nd period - Snap shot by Chris Bourque.
7:05 of 2nd period - Stopped by Maxime Ouellet with a rebound.
7:15 of 2nd period - Wrist shot by Riley Armstrong.
7:15 of 2nd period - Shot Misses the Net.
7:22 of 2nd period - Icing by Maxime Sauvé.
7:23 of 2nd period - Chris Bourque wins face-off versus Martin Hanzal in Gangsters zone.
8:55 of 2nd period - Wrist shot by Valeri Bure.
8:55 of 2nd period - Shot Blocked by Shaun Heska.
9:13 of 2nd period - Nick Foligno is hit by Logan Couture and loses puck.
10:05 of 2nd period - Ville Koistinen is hit by Pernell Karl Subban and loses puck.
10:28 of 2nd period - Ville Koistinen is hit by Petr Sykora and loses puck.
13:39 of 2nd period - Dave Dziurzynski is hit by Martin Hanzal and loses puck.
13:50 of 2nd period - Luke Gazdic is hit by Alexander Radulov and loses puck.
13:55 of 2nd period - Snap shot by Alexander Radulov.
13:55 of 2nd period - Deflect By Matt Martin.
13:55 of 2nd period - Stopped by Dustin Tokarski with a rebound.
13:57 of 2nd period - Wrist shot by Roman Cervenka.
13:57 of 2nd period - Shot Misses the Net.
14:50 of 2nd period - Martin Hanzal is hit by Bryan Young and loses puck.
15:08 of 2nd period - Minor Penalty to Derek Joslin for Holding.
15:09 of 2nd period - Artem Anisimov wins face-off versus Valeri Bure in Scraper zone.
16:08 of 2nd period - Nick Foligno is hit by Matt Martin and loses puck.
17:08 of 2nd period - Penalty to Derek Joslin is over, Derek Joslin is back on ice.
17:15 of 2nd period - Paul Ranger is hit by Luke Gazdic and loses puck.
17:30 of 2nd period - Wrist shot by Riley Armstrong.
17:30 of 2nd period - Stopped by Dustin Tokarski with a rebound.
18:02 of 2nd period - Shaun Heska is hit by Matt Martin and loses puck.
18:33 of 2nd period - Wrist shot by Logan Couture.
18:33 of 2nd period - Stopped by Dustin Tokarski with a rebound.
18:35 of 2nd period - Snap shot by Mike Knuble.
18:35 of 2nd period - Shot Blocked by Shaun Heska.
18:37 of 2nd period - Slapshot by Derek Joslin.
18:37 of 2nd period - Shot Misses the Net.
19:21 of 2nd period - Snap shot by Martin Hanzal.
19:21 of 2nd period - Stopped by Dustin Tokarski with a rebound.
19:27 of 2nd period - Alexandre Bolduc is hit by Matt Martin.
Goals for this period are 0 for Gangsters vs 1 for Scraper.
Shots for this period are 3 for Gangsters vs 9 for Scraper.
3rd period
0:01 of 3rd period - Riley Armstrong wins face-off versus Alexandre Bolduc in neutral zone.
0:27 of 3rd period - Off-side.
0:28 of 3rd period - Martin Hanzal wins face-off versus Artem Anisimov in neutral zone.
0:37 of 3rd period - Aaron Voros is hit by Shaun Heska and loses puck.
0:42 of 3rd period - Snap shot by Nick Foligno.
0:42 of 3rd period - Shot Blocked by Martin Hanzal.
0:50 of 3rd period - Minor Penalty to Karl Alzner for Holding.
0:51 of 3rd period - Alexandre Bolduc wins face-off versus Valeri Bure in Scraper zone.
0:52 of 3rd period - Wrist shot by Chris Bourque.
0:52 of 3rd period - Stopped by Maxime Ouellet without a rebound.
0:53 of 3rd period - Valeri Bure wins face-off versus Alexandre Bolduc in Scraper zone.
0:53 of 3rd period - Valeri Bure is hit by Ryan Keller.
1:03 of 3rd period - Snap shot by Alexandre Bolduc.
1:03 of 3rd period - Shot Misses the Net.
1:05 of 3rd period - Snap shot by Chris Bourque.
1:05 of 3rd period - Goal by Chris Bourque - Gangsters : 3 - Scraper : 4.
1:06 of 3rd period - Riley Armstrong wins face-off versus Alexandre Bolduc in neutral zone.
1:40 of 3rd period - Wrist shot by Martin Hanzal.
1:40 of 3rd period - Stopped by Dustin Tokarski with a rebound.
1:42 of 3rd period - Slapshot by Paul Ranger.
1:42 of 3rd period - Stopped by Dustin Tokarski without a rebound.
1:43 of 3rd period - Riley Armstrong wins face-off versus Chris Bourque in Gangsters zone.
1:50 of 3rd period - Wrist shot by Riley Armstrong.
1:50 of 3rd period - Stopped by Dustin Tokarski without a rebound.
1:51 of 3rd period - Riley Armstrong wins face-off versus Chris Bourque in Gangsters zone.
1:54 of 3rd period - Snap shot by Valeri Bure.
1:54 of 3rd period - Shot Blocked by Cory Murphy.
1:56 of 3rd period - Snap shot by Valeri Bure.
1:56 of 3rd period - Shot Misses the Net.
1:58 of 3rd period - Backhand shot by Pernell Karl Subban.
1:58 of 3rd period - Shot Blocked by Ryan Keller.
2:05 of 3rd period - Off-side.
2:06 of 3rd period - Alexandre Bolduc wins face-off versus Martin Hanzal in neutral zone.
2:17 of 3rd period - Slapshot by Martin Hanzal.
2:17 of 3rd period - Stopped by Dustin Tokarski without a rebound.
2:18 of 3rd period - Alexandre Bolduc wins face-off versus Riley Armstrong in Gangsters zone.
2:24 of 3rd period - Off-side.
2:25 of 3rd period - Alexandre Bolduc wins face-off versus Riley Armstrong in neutral zone.
2:36 of 3rd period - Minor Penalty to Ryan Keller for Holding.
2:37 of 3rd period - Riley Armstrong wins face-off versus Dave Dziurzynski in Gangsters zone.
4:36 of 3rd period - Penalty to Ryan Keller is over, Ryan Keller is back on ice.
5:11 of 3rd period - Ryan Keller is hit by Mike Knuble and loses puck.
6:52 of 3rd period - Minor Penalty to Ryan Jones for Tripping.
6:53 of 3rd period - Ryan Keller wins face-off versus Riley Armstrong in Gangsters zone.
8:07 of 3rd period - Shaun Heska is hit by Pernell Karl Subban and loses puck.
8:52 of 3rd period - Penalty to Ryan Jones is over, Ryan Jones is back on ice.
8:59 of 3rd period - Roman Cervenka is hit by Ryan Jones and loses puck.
11:17 of 3rd period - Icing by Cory Murphy.
11:18 of 3rd period - Riley Armstrong wins face-off versus Maxime Sauvé in Gangsters zone.
11:21 of 3rd period - Snap shot by Riley Armstrong.
11:21 of 3rd period - Shot Misses the Net.
11:35 of 3rd period - Wrist shot by Valeri Bure.
11:35 of 3rd period - Shot Blocked by Dave Dziurzynski.
11:37 of 3rd period - Slapshot by Martin Hanzal.
11:37 of 3rd period - Stopped by Dustin Tokarski with a rebound.
11:39 of 3rd period - Snap shot by Petr Sykora.
11:39 of 3rd period - Shot Misses the Net.
11:53 of 3rd period - Martin Hanzal is hit by Artem Anisimov and loses puck.
12:02 of 3rd period - Snap shot by Petr Sykora.
12:02 of 3rd period - Stopped by Dustin Tokarski without a rebound.
12:03 of 3rd period - Riley Armstrong wins face-off versus Maxime Sauvé in Gangsters zone.
12:04 of 3rd period - Snap shot by Valeri Bure.
12:04 of 3rd period - Shot Misses the Net.
12:54 of 3rd period - Slapshot by Ilkka Heikkinen.
12:54 of 3rd period - Deflect By Alexander Radulov.
12:54 of 3rd period - Stopped by Dustin Tokarski with a rebound.
12:56 of 3rd period - Snap shot by Roman Cervenka.
12:56 of 3rd period - Stopped by Dustin Tokarski without a rebound.
12:57 of 3rd period - Artem Anisimov wins face-off versus Riley Armstrong in Gangsters zone.
13:06 of 3rd period - Snap shot by Nick Foligno.
13:06 of 3rd period - Stopped by Maxime Ouellet without a rebound.
13:07 of 3rd period - Riley Armstrong wins face-off versus Artem Anisimov in Scraper zone.
13:18 of 3rd period - Backhand shot by Nick Foligno.
13:18 of 3rd period - Stopped by Maxime Ouellet without a rebound.
13:19 of 3rd period - Alexandre Bolduc wins face-off versus Riley Armstrong in Scraper zone.
13:41 of 3rd period - Icing by Chris Bourque.
13:42 of 3rd period - Martin Hanzal wins face-off versus Alexandre Bolduc in Gangsters zone.
13:45 of 3rd period - Wrist shot by Petr Sykora.
13:45 of 3rd period - Stopped by Dustin Tokarski with a rebound.
13:47 of 3rd period - Slapshot by Pernell Karl Subban.
13:47 of 3rd period - Stopped by Dustin Tokarski with a rebound.
13:49 of 3rd period - Slapshot by Pernell Karl Subban.
13:49 of 3rd period - Deflect By Martin Hanzal.
13:49 of 3rd period - Stopped by Dustin Tokarski without a rebound.
13:50 of 3rd period - Martin Hanzal wins face-off versus Artem Anisimov in Gangsters zone.
13:53 of 3rd period - Backhand shot by Petr Sykora.
13:53 of 3rd period - Deflect By Martin Hanzal.
13:53 of 3rd period - Shot Misses the Net.
13:53 of 3rd period - Puck is out of play.
13:54 of 3rd period - Artem Anisimov wins face-off versus Riley Armstrong in Gangsters zone.
14:07 of 3rd period - Slapshot by Cory Murphy.
14:07 of 3rd period - Stopped by Maxime Ouellet with a rebound.
14:21 of 3rd period - Slapshot by Cory Murphy.
14:21 of 3rd period - Shot Misses the Net.
14:23 of 3rd period - Wrist shot by Chris Bourque.
14:23 of 3rd period - Shot Misses the Net.
14:27 of 3rd period - Wrist shot by Chris Bourque.
14:27 of 3rd period - Shot Misses the Net.
14:29 of 3rd period - Slapshot by Cory Murphy.
14:29 of 3rd period - Shot Misses the Net.
14:31 of 3rd period - Wrist shot by Chris Bourque.
14:31 of 3rd period - Stopped by Maxime Ouellet with a rebound.
14:37 of 3rd period - Minor Penalty to Aaron Voros for Tripping.
14:38 of 3rd period - Valeri Bure wins face-off versus Alexandre Bolduc in Scraper zone.
14:38 of 3rd period - Valeri Bure is hit by Ryan Keller.
14:50 of 3rd period - Wrist shot by Ryan Keller.
14:50 of 3rd period - Stopped by Maxime Ouellet with a rebound.
14:52 of 3rd period - Slapshot by Cory Murphy.
14:52 of 3rd period - Deflect By Ryan Keller.
14:52 of 3rd period - Shot Misses the Net.
14:52 of 3rd period - Puck is out of play.
14:53 of 3rd period - Alexandre Bolduc wins face-off versus Valeri Bure in Scraper zone.
14:58 of 3rd period - Slapshot by Ryan Keller.
14:58 of 3rd period - Stopped by Maxime Ouellet without a rebound.
14:59 of 3rd period - Valeri Bure wins face-off versus Alexandre Bolduc in Scraper zone.
16:37 of 3rd period - Penalty to Aaron Voros is over, Aaron Voros is back on ice.
16:45 of 3rd period - Backhand shot by Martin Hanzal.
16:45 of 3rd period - Stopped by Dustin Tokarski without a rebound.
16:46 of 3rd period - Martin Hanzal wins face-off versus Artem Anisimov in Gangsters zone.
17:46 of 3rd period - Snap shot by Brock Bradford.
17:46 of 3rd period - Stopped by Maxime Ouellet with a rebound.
17:48 of 3rd period - Slapshot by Ville Koistinen.
17:48 of 3rd period - Shot Blocked by Aaron Ward.
17:50 of 3rd period - Snap shot by Shaun Heska.
17:50 of 3rd period - Deflect By Alexander Radulov.
17:50 of 3rd period - Stopped by Maxime Ouellet with a rebound.
18:07 of 3rd period - Jamie Benn is hit by Nick Foligno and loses puck.
18:21 of 3rd period - Icing by Alexandre Bolduc.
18:22 of 3rd period - Alexandre Bolduc wins face-off versus Riley Armstrong in Gangsters zone.
18:22 of 3rd period - Alexandre Bolduc is hit by Pernell Karl Subban.
18:59 of 3rd period - Riley Armstrong is hit by Ryan Keller.
19:01 of 3rd period - Gangsters, Dustin Tokarski is pulled from the net.
19:03 of 3rd period - Snap shot by Alexandre Bolduc.
19:03 of 3rd period - Shot Misses the Net.
19:23 of 3rd period - Wrist shot by Valeri Bure.
19:23 of 3rd period - Shot Blocked by Cory Murphy.
19:25 of 3rd period - Wrist shot by Ben Eager.
19:25 of 3rd period - Deflect By Chris Bourque.
19:25 of 3rd period - Goal by Ben Eager - Gangsters : 3 - Scraper : 5.
19:25 of 3rd period - Dustin Tokarski from Gangsters was sent back in the game.
19:26 of 3rd period - Logan Couture wins face-off versus Alexandre Bolduc in neutral zone.
Goals for this period are 1 for Gangsters vs 1 for Scraper.
Shots for this period are 10 for Gangsters vs 13 for Scraper.
Output by the SimonT Hockey Simulator (STHS) for François Prévost -- Original Page W3C XHTML 1.0 Valid